 Dungeon Crawl Stone Soup version 0.18-a0-1577-gf591c28 (webtiles) character file.

2704 HandofTrog the Basher (level 9, -7/139 HPs)
             Began as an Ogre Berserker on Mar 19, 2016.
             Was an Elder of Trog.
             Mangled by an ogre
             ... wielding a cursed -1 giant club
              (20 damage)
             ... on level 7 of the Dungeon.
             The game lasted 00:19:02 (7610 turns).

HandofTrog the Basher (Ogre Berserker)              Turns: 7610, Time: 00:19:02

Health: -7/139     AC:  4    Str: 29    XL:     9   Next: 65%
Magic:  9/9        EV: 11    Int:  8    God:    Trog [****..]
Gold:   263        SH:  0    Dex: 10    Spells: 0 memorised, 8 levels left

rFire  . . .     SeeInvis .     n - +0 giant spiked club
rCold  . . .     Gourm    .     b - +0 animal skin
rNeg   . . .     Faith    .     (shield currently unavailable)
rPois  .         Spirit   .     (helmet restricted)
rElec  .         Dismiss  .     A - +0 cloak
rCorr  .         Reflect  .     (gloves unavailable)
SustAt .         Harm     .     (boots unavailable)
MR     .....                    (no amulet)
Stlth  ..........               (no ring)
                                (no ring)

@: berserking, very quick, not resistant to hostile enchantments, extremely
unstealthy
A: unfitting armour, tough skin 1
a: Berserk, Trog's Hand, Brothers in Arms, Burn Spellbooks, Renounce Religion


You were on level 7 of the Dungeon.
You worshipped Trog.
Trog was greatly pleased with you.
You were hungry.

You visited 1 branch of the dungeon, and saw 7 of its levels.

You collected 263 gold pieces.

Inventory:

Hand Weapons
 a - a +0 mace
 i - a +0 giant club
 n - a +0 giant spiked club (weapon)
 p - a +0 flail
 q - a +4 hand crossbow
 r - a cursed -3 hunting sling
Missiles
 z - 2 poisoned tomahawks
 G - 3 javelins
 H - 5 tomahawks (quivered)
 I - 3 steel javelins
 K - 2 silver tomahawks
Armour
 b - a +0 animal skin (worn)
 A - a +0 cloak (worn)
Rods
 B - a cursed +1 iron rod (11/11)
   (You found it on level 5 of the Dungeon)
Wands
 o - a wand of flame (16/48)
 u - a wand of digging (12/24)
 E - a wand of paralysis (10/24)
 L - a wand of polymorph (3/24)
Scrolls
 c - a scroll of enchant armour {unknown}
 d - 5 scrolls of remove curse
 f - 2 scrolls of random uselessness {unknown}
 g - 2 scrolls of magic mapping {unknown}
 j - 6 scrolls of teleportation {unknown}
 k - 3 scrolls of amnesia {unknown}
 l - a scroll of immolation {unknown}
 v - a scroll of enchant weapon {unknown}
 y - 3 scrolls of identify
Potions
 e - a potion of agility
 h - 3 potions of curing
 m - a potion of degeneration
 s - a potion of haste
 t - a potion of ambrosia {unknown}
 x - 2 potions of mutation {unknown}
 C - a potion of heal wounds {unknown}
 F - a potion of cancellation {unknown}
Books
 J - a book of Annihilations

   Spells                             Type                      Level
   a - Poison Arrow                   Conjuration/Poison           6
   b - Chain Lightning                Conjuration/Air              8
   c - Lehudib's Crystal Spear        Conjuration/Earth            8
   d - Glaciate                       Conjuration/Ice              9
   e - Fire Storm                     Conjuration/Fire             9
   Trog disapproves of the use of such an item.
Comestibles
 w - a bread ration
 D - 2 meat rations


   Skills:
 - Level 7.4 Fighting
 + Level 14.1 Maces & Flails
 - Level 5.1 Dodging


You had 8 spell levels left.
You didn't know any spells.

Dungeon Overview and Level Annotations

Branches:
Dungeon (7/15)             Temple (0/1) D:6

Altars:
Dithmenos
Fedhas
Makhleb
Pakellas
Sif Muna
Trog
Vehumet
Zin


Innate Abilities, Weirdness & Mutations

You are too large for most types of armour.
You have tough skin (AC +1).


Message History

You see here an arrow.
The ogre closely misses you. The centaur hits you with a shortbow.
You see here an arrow.
You pound the centaur like an anvil!!!
You kill the centaur!
Trog accepts your kill. The ogre closely misses you.
You impale the ogre!!
The ogre is severely wounded.
The ogre hits you with a giant club!!
* * * LOW HITPOINT WARNING * * *
The jackal barely misses you.
Drink which item? (? for menu, Esc to quit)
Okay, then.
A red film seems to cover your vision as you go berserk!
You feel yourself moving faster!
You feel mighty!
You feel somewhat more hungry.
The jackal bites you but does no damage.
The ogre hits you with a giant club!!
You die...

### #.. ###########.###
#.....(........
#.......###.#
#...........#
#.##....###.########
##(#........>.....
#(@.......###.....
#hO#.##.#.###.###.
......).h#......##....
.......#.#####..##..#
.......#............#
....#..######)#.##.####.#
#...#..>............<....
.$# ....##..#.##.#......#
.. ...<.....#.##........#


You could see an ogre and 2 jackals.

Vanquished Creatures
  Grinder (D:3)
  The ghost of M4edhros the Ducker, an amateur OpAr (D:4)
  A soldier ant (D:5)
  An orc warrior (D:6)
  An ice beast (D:6)
  7 ogres
  A phantom (D:6)
  3 centaurs
  2 giant frogs (D:6)
  3 scorpions
  3 crimson imps
  3 jellies
  An orc priest (D:6)
  A centaur skeleton (D:4)
  4 orc wizards
  4 iguanas
  Terence (D:3)
  4 worker ants
  3 hound skeletons
  A worker ant zombie (D:5)
  6 adders
  6 gnolls
  An adder skeleton (D:5)
  4 worms
  5 dart slugs
  A giant gecko (D:5)
  17 orcs
  5 giant cockroaches
  6 hobgoblins
  12 jackals (D:1)
  4 kobolds
  3 quokkas
  2 ball pythons (D:4)
  6 bats
  A giant newt (D:4)
  8 goblins
  A quokka zombie (D:5)
  6 rats
140 creatures vanquished.

Notes
Turn   | Place    | Note
--------------------------------------------------------------
     0 | D:1      | HandofTrog the Ogre Berserker began the quest for the Orb.
     0 | D:1      | Reached XP level 1. HP: 24/24 MP: 1/1
   217 | D:1      | Reached XP level 2. HP: 26/32 MP: 2/2
   604 | D:1      | Reached ** piety under Trog
   604 | D:1      | Reached XP level 3. HP: 20/40 MP: 3/3
  1178 | D:2      | Found a shadowy altar of Dithmenos.
  1490 | D:2      | Reached XP level 4. HP: 33/49 MP: 4/4
  1776 | D:3      | Noticed Terence
  1777 | D:3      | Noticed Grinder
  1794 | D:3      | Killed Terence
  1794 | D:3      | Reached skill level 5 in Fighting
  1794 | D:3      | Reached skill level 5 in Maces & Flails
  1807 | D:3      | Killed Grinder
  1807 | D:3      | Reached skill level 6 in Maces & Flails
  1807 | D:3      | Reached XP level 5. HP: 11/59 MP: 5/5
  1807 | D:3      | Reached XP level 6. HP: 12/67 MP: 6/6
  2072 | D:3      | Found a deep blue altar of Sif Muna.
  2282 | D:3      | Noticed a moth of wrath
  2285 | D:3      | Found a bloodstained altar of Trog.
  2339 | D:3      | Reached *** piety under Trog
  3023 | D:4      | Reached XP level 7. HP: 54/76 MP: 7/7
  3313 | D:4      | Reached skill level 7 in Maces & Flails
  3313 | D:4      | Reached skill level 5 in Dodging
  3593 | D:4      | Noticed M4edhros's ghost (amateur OpAr)
  3596 | D:4      | Killed M4edhros's ghost
  3596 | D:4      | Reached skill level 8 in Maces & Flails
  3628 | D:4      | Reached XP level 8. HP: 82/87 MP: 8/8
  3841 | D:4      | Found a blossoming altar of Fedhas.
  3844 | D:4      | Reached skill level 9 in Maces & Flails
  4018 | D:4      | Found a glowing silver altar of Zin.
  4038 | D:4      | Reached **** piety under Trog
  4113 | D:4      | Reached skill level 10 in Maces & Flails
  4637 | D:5      | Entered Level 5 of the Dungeon
  4761 | D:5      | Reached skill level 11 in Maces & Flails
  5765 | D:5      | Reached skill level 12 in Maces & Flails
  5765 | D:5      | Reached XP level 9. HP: 93/93 MP: 9/9
  5853 | D:5      | Found an oddly glowing altar of Pakellas.
  5854 | D:5      | Found a radiant altar of Vehumet.
  5855 | D:5      | Found a burning altar of Makhleb.
  6213 | D:6      | Found a staircase to the Ecumenical Temple.
  6576 | D:6      | Reached skill level 13 in Maces & Flails
  7286 | D:6      | Received a gift from Trog
  7572 | D:7      | Reached skill level 14 in Maces & Flails
  7610 | D:7      | Mangled by an ogre

Vault maps used:
D:1:      nagdon_arrival_double_spiral, serial_glass, glass_columns_a,
          glass_columns_a, glass_columns_c, glass_columns_a, glass_columns_b,
          glass_columns_a, glass_columns_a, glass_columns_c, glass_columns_a,
          glass_columns_b
D:2:      lemuel_round_altar
D:3:      led_sif_book, tgw_trog, uniq_grinder, uniq_terence, uniq_iyjb
D:4:      kennysheep_mini_moat, first_bread, fedhas_bush_and_centaur_altar
D:5:      nicolae_overflow_hidden_temple
D:6:      temple_statues
D:7:      grunt_livestock, minivault_11, nicolae_ru_path_of_blood

Skill      XL: |  1  2  3  4  5  6  7  8  9 |
---------------+----------------------------+-----
Dodging        | 3 4 5 |  5.1
Fighting       | 6 7 |  7.4
Maces & Flails | 6 8 12 14 | 14.1

Action                   |  1- 3 |  4- 6 |  7- 9 || total
-------------------------+-------+-------+-------++-------
Melee: Mace              |   152 |    79 |       ||   231
       Flail             |       |    11 |    12 ||    23
       Giant club        |       |       |    20 ||    20
       Giant spiked club |       |       |   260 ||   260
Throw: Throwing net      |       |       |     2 ||     2
       Javelin           |       |       |     6 ||     6
       Tomahawk          |       |       |     6 ||     6
Invok: Berserk           |     1 |     1 |     2 ||     4
       Trog's Hand       |       |     1 |     2 ||     3
Evoke: Wand              |       |     1 |       ||     1
  Use: Scroll            |       |       |     5 ||     5
       Potion            |       |       |     1 ||     1
 Stab: Held in net/web   |       |       |     1 ||     1
  Eat: Chunk             |     3 |     1 |    12 ||    16
       Bread ration      |       |     1 |     1 ||     2
